 Dungeon Crawl Stone Soup version 0.29-a0-648-g6b26cc9 (webtiles) character file.

Game seed: 3340612955025493909

51 Dawnplanks the Sneak (level 3, 0/45 HPs)
             Began as a Demigod Brigand on June 20, 2022.
             Succumbed to an adder's poison
             ... on level 2 of the Dungeon.
             The game lasted 00:03:09 (1820 turns).

Dawnplanks the Sneak (Demigod Brigand)              Turns: 1820, Time: 00:03:09

Health: 0/45       AC: 21    Str: 12    XL:     3   Next: 38%
Magic:  5/5        EV:  2    Int: 13    God:
Gold:   39         SH:  0    Dex: 19    Spells: 2/2 levels left

rFire   + . .      SeeInvis .   a - +2 dagger
rCold   + . .      Faith    .   (no shield)
rNeg    . . .      Spirit   .   (body armour currently unavailable)
rPois   +          Reflect  .   (helmet currently unavailable)
rElec   +          Harm     .   (cloak currently unavailable)
rCorr   +          Rampage  .   (gloves currently unavailable)
Will    .....      NoTele   +   (boots currently unavailable)
Stlth   +++.......              m - amulet of the acrobat
HPRegen 0.15/turn               n - ring of willpower
MPRegen 0.09/turn               (no ring)

@: lethally poisoned (0 -> -2), tree-form, resistant, weak-willed
A: stationary, stasis, torment immunity, boosted hp, high MP 1, forlorn, divine
attributes
a: no special abilities


You were on level 2 of the Dungeon.
You were a tree.
You visited 1 branch of the dungeon, and saw 2 of its levels.

You collected 39 gold pieces.

Inventory:

Hand Weapons
 a - a +2 dagger (weapon)
 b - a +0 dagger of protection
Missiles
 d - 9 poisoned darts (quivered)
 e - 3 curare-tipped darts
Armour
 c - a +0 cloak (melded)
 j - a +0 ring mail (melded)
Jewellery
 m - an amulet of the acrobat (around neck)
 n - a ring of willpower (left branch)
Scrolls
 f - a scroll of teleportation
 g - 2 scrolls of identify
 i - a scroll of noise
 o - a scroll of enchant weapon {unknown}
Potions
 k - a potion of resistance
 l - a potion of lignification


   Skills:
 + Level 2.4 Fighting
 - Level 1.7(2.1) Short Blades
 * Level 1.8(2.2) Long Blades
 - Level 1.7 Throwing
 + Level 0.7 Armour
 + Level 1.4 Dodging
 - Level 3.6 Stealth


You had 2 spell levels left.
You didn't know any spells.
Your spell library was empty.

Dungeon Overview and Level Annotations

Branches:
Dungeon (2/15)

Shops:
D:1 *(:   D:2 (


Innate Abilities, Weirdness & Mutations

You are a tree.
Your roots penetrate the ground, keeping you stationary.
You cannot be teleported.
You are immune to unholy pain and torment.
Your maximum health is greatly increased.
Your equipment is partially melded.
You have an increased reservoir of magic. (+10% MP)
You shall have no god before yourself.
Your divine heritage dramatically boosts your attributes as you level up.


Message History

The adder is almost dead.
You feel very sick. The rat bites you but does no damage. The adder bites you.
* * * LOW HITPOINT WARNING * * *
You hit the adder.
You kill the adder!
* * * LOW HITPOINT WARNING * * *
You feel sick. The rat barely misses you.
You barely miss the rat.
* * * LOW HITPOINT WARNING * * *
You feel sick. The rat bites you but does no damage.
You hit the rat.
You kill the rat!
* * * LOW HITPOINT WARNING * * *
You feel sick.
There is a lethal amount of poison in your body!
It was a potion of resistance.
You feel protected.
* * * LOW HITPOINT WARNING * * *
You feel sick.
It was a potion of lignification.
You turn into a tree.
Your +0 cloak melds into your body.
Your +0 ring mail melds into your body.
Your roots penetrate the ground.
* * * LOW HITPOINT WARNING * * *
You feel sick.
There is a lethal amount of poison in your body!
There is a lethal amount of poison in your body!
As you read the scroll labelled HOJE POORELO, it crumbles to dust.
Magic quickly surges around you.
It was a scroll of vulnerability.
* * * LOW HITPOINT WARNING * * *
You feel sick.
As you read the scroll labelled CUQAD UTAX, it crumbles to dust.
You hear a loud clanging noise!
It was a scroll of noise.
* * * LOW HITPOINT WARNING * * *
You feel sick.
As you read the scroll labelled MEB SIREZAGUDGH, it crumbles to dust.
It is a scroll of identify.
f - a scroll of teleportation You die...

.###..#.## #....## .##......#
##.....## #####.#### .##.#....#
##.......## #......... .........#
#.........###.....###.
...........+....>....+.....).# #.
###.#....###.........###....####.
#.##.#.# #.......# #......... #.#
##.# #.††..# ####.##### #.# #
#.♣.# #.# #.. ##'##### #.# ###
#.###.## #.# #.##.#.## #.#
#####.#.###.####.# ##......##
##.....# ..........###.######
.##.#....#.#)## # #.#.###.##


There were no monsters in sight!

Vanquished Creatures
  An adder (D:2)
  A dart slug (D:1)
  7 endoplasms (D:1)
  A giant cockroach (D:1)
  2 hobgoblins
  2 jackals (D:1)
  3 quokkas (D:1)
  4 ball pythons
  2 bats
  5 frilled lizards (D:1)
  4 goblins (D:1)
  2 kobolds (D:2)
  3 rats
  A spectral kobold (D:1)
38 creatures vanquished.

Notes
Turn   | Place    | Note
-------+----------+-------------------------------------------
     0 | D:1      | Dawnplanks the Demigod Brigand began the quest for the Orb.
     0 | D:1      | Reached XP level 1. HP: 17/17 MP: 3/3
    36 | D:1      | Reached skill level 1 in Dodging
    65 | D:1      | Found Pikhojeff's Book Emporium.
   401 | D:1      | Found Focirph's Assorted Antiques.
   408 | D:1      | Reached skill level 1 in Long Blades
   419 | D:1      | Reached XP level 2. HP: 16/24 MP: 4/4
   668 | D:1      | Found Ceppiesm's Weapon Emporium.
  1164 | D:1      | Reached XP level 3. HP: 29/29 MP: 5/5
  1532 | D:2      | Found Ikimeg Deef's Antique Weapon Boutique.
  1817 | D:2      | HP: 2/45 [poisoned by an adder]
  1820 | D:2      | Succumbed to an adder's poison

Illustrated notes

Levels and vault maps discovered:
D:1:      dpeg_arrival_connections, layout_basic, serial_shops,
          nicolae_shop_advertising_works [nicolae_subvault_shop_adworks],
          nicolae_shop_crystal, nicolae_shop_window_shopping,
          dreamdust_ecumenical_altar_drowned_temple,
          chequers_serial_rivers_small_b, minmay_close_crescents
D:2:      layout_loops_corners, serial_shops, nicolae_shop_behind_doors

Skill      XL: |  1 |
---------------+----+-----
Dodging        | 1 |  1.4
Fighting       | 2 |  2.4
Long Blades    | 1 |  1.8
Short Blades   | |  1.7
Throwing       | |  1.7
Armour         | |  0.7
Stealth        | |  3.6

Action                   || total
-------------------------++-------
Melee: Dagger            ||   140
  Use: Scroll            ||     3
       Potion            ||     2
 Stab: Sleeping          ||     4
       Distracted        ||     1
Armor: Robe              ||     6
       Ring mail         ||    34
Dodge: Dodged            ||    61

Table legend: (Time is in decaauts)
 A = Elapsed time spent in this place.
 B = Non-inter-level travel time spent in this place.
 C = Inter-level travel time spent in this place.
 D = Time resting spent in this place.
 E = Time spent auto-exploring this place.
 F = Levels seen in this place.
 G = Mean time per level.
                   A        B        C        D        E       F      G
               +--------+--------+--------+--------+--------+-----+--------+
         Total |   1810 |   1787 |     23 |      0 |   1517 |   2 |  905.0 |
       Dungeon |   1810 |   1787 |     23 |      0 |   1517 |   2 |  905.0 |
               +--------+--------+--------+--------+--------+-----+--------+

Top non-repeatable levels by time:
     D:1: 1302 daAuts
     D:2: 508 daAuts
